 Dungeon Crawl Stone Soup version 0.25.0-37-gb73750e0fb (webtiles) character file.

Game seed: 11281136664264419403

36 ANON1729 the Skirmisher (level 3, 0/29 HPs)
             Began as a Formicid Abyssal Knight on July 9, 2020.
             Was a Believer of Lugonu.
             Slain by a worm (9 damage)
             ... on level 2 of the Dungeon.
             The game lasted 00:01:30 (1151 turns).

ANON1729 the Skirmisher (Formicid Abyssal Knight)   Turns: 1151, Time: 00:01:31

Health: 0/29       AC:  3    Str: 17    XL:     3   Next: 57%
Magic:  5/5        EV: 11    Int: 11    God:    Lugonu [**....]
Gold:   32         SH:  0    Dex: 10    Spells: 2/2 levels left

rFire    . . .     SeeInvis +   a - +1 short sword
rCold    . . .     Gourm    .   (no shield)
rNeg     . . .     Faith    .   b - +0 leather armour
rPois    .         Spirit   .   (helmet unavailable)
rElec    .         Reflect  .   (no cloak)
rCorr    .         Harm     .   (no gloves)
MR       .....                  (no boots)
Stlth    +.........             (no amulet)
HPRegen  0.09/turn              (no ring)
MPRegen  0.09/turn              (no ring)

@: no status effects
A: permanent stasis, dig shafts and tunnels, four strong arms, antennae 3
a: Dig, Shaft Self, Depart the Abyss, Bend Space, Renounce Religion


You were on level 2 of the Dungeon.
You worshipped Lugonu.
Lugonu was pleased with you.
You were not hungry.

You visited 1 branch of the dungeon, and saw 2 of its levels.
You visited the Abyss 1 time.

You collected 32 gold pieces.

Inventory:

Hand Weapons
 a - a +1 short sword (weapon)
Armour
 b - a +0 leather armour (worn)
Scrolls
 d - a scroll of enchant weapon {unknown}
 e - 5 scrolls of teleportation {unknown}
 h - a scroll of fear {unknown}
 l - 3 scrolls of identify {unknown}
 m - 2 scrolls of remove curse {unknown}
 n - a scroll of fog {unknown}
Potions
 f - a potion of invisibility {unknown}
 g - a potion of curing {unknown}
 i - a potion of haste {unknown}
 j - a potion of might {unknown}
 k - a potion of degeneration {unknown}
Comestibles
 c - 6 rations


   Skills:
 + Level 3.6 Fighting
 + Level 2.3 Short Blades
 + Level 2.6 Armour
 + Level 1.4 Dodging
 + Level 2.7 Invocations


You had 2 spell levels left.
You didn't know any spells.
Your spell library was empty.

Dungeon Overview and Level Annotations

Branches:
Dungeon (2/15)

Altars:
Ru
Wu Jian
Xom
Yredelemnul


Innate Abilities, Weirdness & Mutations

You cannot be hasted, slowed, berserked, paralysed or teleported.
You can dig through walls and to a lower floor.
Your four strong arms can wield two-handed weapons with a shield.
You have a pair of large antennae on your head. (SInv)


Message History

The bat hits you but does no damage. The bat hits you.
* * * LOW HITPOINT WARNING * * *
The bat hits you but does no damage.
There is a stone staircase leading up here.
You hit the bat.
The bat is severely wounded.
The bat barely misses you.
You hit the bat.
You kill the bat!
Lugonu accepts your kill.
You barely miss the worm. The worm closely misses you.
You hit the worm.
The worm is moderately wounded.
You puncture the worm!
The worm is severely wounded.
The worm closely misses you.
You hit the worm but do no damage.
The worm is severely wounded.
The worm bites you!
You die...

.####....##.###..#
..# #8...'...##..#
..###....#...##..#
...#.....#...##..#
{
...#_.⌠.##...##..#
...#....#........#
...##..##........#
.##.####.........#
.##.....########@#
.###....# #w#
...#....########.#
....#............#
..............####
#...............b#
.............###.#
.......#########.#
.......# #...b# #


You could see a worm.

Vanquished Creatures
  A dart slug (D:1)
  A leopard gecko (D:2)
  A ball python (D:1)
  3 giant cockroaches (D:1)
  2 goblins (D:1)
  4 hobgoblins
  8 jackals
  A quokka (D:2)
  A bat (D:2)
  2 frilled lizards (D:1)
  2 kobolds (D:1)
  3 rats
29 creatures vanquished.

Notes
Turn   | Place    | Note
-------+----------+-------------------------------------------
     0 | Abyss:1  | ANON1729 the Formicid Abyssal Knight began the quest for
                  | the Orb.
     0 | Abyss:1  | Reached XP level 1. HP: 18/18 MP: 2/2
    64 | Abyss:1  | Noticed a sixfirhy
    68 | D:1      | Escaped the Abyss
   133 | D:1      | Reached skill level 1 in Dodging
   368 | D:1      | Reached XP level 2. HP: 18/24 MP: 3/3
   574 | D:1      | Reached ** piety under Lugonu
   594 | D:1      | Reached XP level 3. HP: 9/29 MP: 4/4
   914 | D:2      | Found a shimmering altar of Xom.
   914 | D:2      | Found an ornate altar of the Wu Jian Council.
   971 | D:2      | Found a basalt altar of Yredelemnul.
  1090 | D:2      | Found a sacrificial altar of Ru.
  1151 | D:2      | Slain by a worm

Illustrated notes

Levels and vault maps discovered:
D:1:      minmay_arrival_jagged, layout_loops_ring
D:2:      layout_basic, grunt_temple_overflow_forces_of_nature,
          old_standard_altar, lemuel_crystal_altar, lemuel_round_altar,
          gammafunk_temple_overflow_pools, uniq_crazy_yiuf_cottage

Skill      XL: |  1 |
---------------+----+-----
Dodging        | 1 |  1.4
Fighting       | |  3.6
Short Blades   | |  2.3
Armour         | |  2.6
Invocations    | |  2.7

Action                   || total
-------------------------++-------
Melee: Short sword       ||   109
  Eat: Chunk             ||     1
Armor: Leather armour    ||    53
Dodge: Dodged            ||    79
